 Dungeon Crawl Stone Soup version 0.20.1-1-g8b1a95d (webtiles) character file.

1287 jojo4000 the Cleaver (level 8, -1/73 HPs)
             Began as a Minotaur Berserker on July 17, 2017.
             Was a Priest of Trog.
             Slain by an ice beast (13 damage)
             ... on level 6 of the Dungeon on July 18, 2017.
             The game lasted 00:17:03 (4758 turns).

jojo4000 the Cleaver (Minotaur Berserker)           Turns: 4758, Time: 00:17:04

Health: -1/73      AC:  2    Str: 23    XL:     8   Next: 30%
Magic:  7/7        EV: 13    Int:  4    God:    Trog [***...]
Gold:   415        SH:  3    Dex: 11    Spells: 7/7 levels left

rFire    . . .     SeeInvis .   a - +0 hand axe
rCold    . . .     Gourm    .   u - +0 buckler
rNeg     . . .     Faith    .   b - +0 animal skin
rPois    .         Spirit   .   (helmet restricted)
rElec    .         Reflect  .   (no cloak)
rCorr    .         Harm     .   (no gloves)
MR       .....                  (no boots)
Stlth    ++........             h - amulet of regeneration
Regen    0.7/turn               (no ring)
MPRegen  0.1/turn               (no ring)

@: lethally poisoned (-1 -> -2)
A: retaliatory headbutt, horns 2
a: Berserk, Trog's Hand, Burn Spellbooks, Renounce Religion


You were on level 6 of the Dungeon.
You worshipped Trog.
Trog was most pleased with you.
You were not hungry.

You visited 1 branch of the dungeon, and saw 6 of its levels.

You collected 415 gold pieces.

Inventory:

Hand Weapons
 a - a +0 hand axe (weapon)
 t - the +7 longbow "Piercer" {penet, EV-2}
   (You found it on level 5 of the Dungeon)

   Ammo fired by it will pass through the targets it hits, potentially hitting
   all targets in its path until it reaches maximum range.
   It affects your evasion (-2).
Armour
 b - a +0 animal skin (worn)
 u - a +0 buckler (worn)
Jewellery
 h - an amulet of regeneration (around neck)
 o - an uncursed amulet of rage
Wands
 n - a wand of digging (22/24)
 v - a wand of random effects (25/48)
Scrolls
 e - a scroll of enchant armour {unknown}
 f - 3 scrolls of enchant weapon {unknown}
 k - 3 scrolls of remove curse {unknown}
 l - 2 scrolls of fear {unknown}
 r - 4 scrolls of identify {unknown}
 s - 3 scrolls of teleportation {unknown}
 w - 2 scrolls of fog {unknown}
 x - a scroll of recharging {unknown}
Potions
 i - 2 potions of curing {unknown}
 j - a potion of agility {unknown}
 m - a potion of berserk rage {unknown}
 p - a potion of might {unknown}
 q - 5 potions of lignification {unknown}
 z - a potion of degeneration {unknown}
 A - a potion of flight {unknown}
Comestibles
 c - 7 bread rations
 d - 3 fruits
 g - 6 meat rations
 B - a royal jelly
 C - 16 chunks of flesh


   Skills:
 * Level 7.5 Fighting
 * Level 9.4 Axes
 + Level 2.6 Armour
 + Level 3.8 Dodging
 + Level 2.1 Stealth
 + Level 1.2 Shields


You had 7 spell levels left.
You didn't know any spells.

Dungeon Overview and Level Annotations

Branches:
Dungeon (6/15)             Temple (0/1) D:6

Altars:
Dithmenos
Nemelex Xobeh
Zin


Innate Abilities, Weirdness & Mutations

You reflexively headbutt those who attack you in melee.
You have a pair of horns on your head.


Message History

You headbutt the worker ant, but do no damage.
The ice beast misses you.
You barely miss the worker ant. Your headbutt misses the worker ant.
The worker ant is heavily wounded.
You hit the ice beast. The worker ant closely misses you.
The ice beast hits you. The ice beast freezes you! The worker ant bites you.
You feel sick. The ice beast hits you. The ice beast freezes you!
* * * LOW HITPOINT WARNING * * *
The worker ant bites you.
* * * LOW HITPOINT WARNING * * *
You are more poisoned.
The worker ant poisons you!
You feel sick. The ice beast closely misses you. You furiously retaliate!
You headbutt the ice beast. The worker ant closely misses you.
You slash the ice beast!
The ice beast is almost dead.
You barely miss the worker ant. The ice beast hits you.
* * * LOW HITPOINT WARNING * * *
The ice beast freezes you!
You die...

##############
#.............
###...#.Y.#...#
#......@a......
#.#...#...#...#
##########..............
......).)..################
........)............[(..>#
#########.###########)#.###
#..# #(#.# ##.# #.#.#
#######.## #.#.#


You could see an ice beast and a worker ant.

Vanquished Creatures
  3 phantoms (D:5)
  2 ogres
  The ghost of rezek the Cutter, an amateur KoBe of Trog (D:3)
  A bullfrog (D:6)
  2 crimson imps
  2 bullfrog zombies
  2 orc priests (D:6)
  A jelly (D:6)
  Crazy Yiuf (D:2)
  2 orc wizards
  Jessica (D:2)
  2 iguanas (D:5)
  Ijyb (D:4)
  4 worker ants
  A hound skeleton (D:5)
  A worker ant zombie (D:5)
  9 adders
  A shadow imp (D:5)
  2 oozes
  An adder zombie (D:5)
  A worm (D:2)
  2 dart slugs
  4 leopard geckos
  11 orcs
  4 giant cockroaches
  7 goblins
  9 hobgoblins
  4 quokkas
  2 ball pythons
  6 bats
  6 frilled lizards
  4 kobolds
  A quokka skeleton (D:5)
  3 rats
104 creatures vanquished.

Notes
Turn   | Place    | Note
-------+----------+-------------------------------------------
     0 | D:1      | jojo4000 the Minotaur Berserker began the quest for the Orb.
     0 | D:1      | Reached XP level 1. HP: 19/19 MP: 0/0
   365 | D:1      | Reached XP level 2. HP: 23/27 MP: 1/1
   503 | D:1      | Reached skill level 4 in Axes
   675 | D:2      | Reached XP level 3. HP: 33/33 MP: 2/2
  1077 | D:2      | Reached ** piety under Trog
  1098 | D:2      | Noticed Jessica
  1118 | D:2      | Killed Jessica
  1118 | D:2      | Reached XP level 4. HP: 32/41 MP: 3/3
  1203 | D:2      | Found a runed door.
  1255 | D:2      | Noticed Crazy Yiuf
  1263 | D:2      | Killed Crazy Yiuf
  1263 | D:2      | Reached skill level 5 in Axes
  1987 | D:3      | Noticed rezek's ghost (amateur KoBe)
  1991 | D:3      | Reached XP level 5. HP: 47/47 MP: 4/4
  1997 | D:3      | Killed rezek's ghost
  1997 | D:3      | Reached skill level 5 in Fighting
  1997 | D:3      | Reached skill level 1 in Stealth
  2000 | D:3      | Reached skill level 6 in Axes
  2547 | D:4      | Noticed an ogre
  2552 | D:4      | Killed an ogre
  2552 | D:4      | Reached XP level 6. HP: 56/56 MP: 5/5
  2603 | D:4      | Noticed Ijyb
  2609 | D:4      | Killed Ijyb
  2683 | D:4      | Found a sand-covered staircase.
  3002 | D:4      | Found a sparkling altar of Nemelex Xobeh.
  3322 | D:5      | Entered Level 5 of the Dungeon
  3335 | D:5      | Reached skill level 7 in Axes
  3461 | D:5      | Reached XP level 7. HP: 60/62 MP: 6/6
  3462 | D:5      | Found a shadowy altar of Dithmenos.
  3611 | D:5      | Reached skill level 8 in Axes
  4134 | D:5      | Reached XP level 8. HP: 63/73 MP: 7/7
  4200 | D:5      | Reached skill level 9 in Axes
  4458 | D:6      | Reached skill level 1 in Shields
  4514 | D:6      | Found a glowing silver altar of Zin.
  4544 | D:6      | Found a staircase to the Ecumenical Temple.
  4655 | D:6      | Reached *** piety under Trog
  4758 | D:6      | Slain by an ice beast

Skill      XL: |  1  2  3  4  5  6  7  8 |
---------------+-------------------------+-----
Fighting       | 4 5 7 |  7.5
Axes           | 4 5 6 7 8 9 |  9.4
Stealth        | 1 2 |  2.1
Dodging        | 3 |  3.8
Shields        | 1 |  1.2
Armour         | |  2.6

Action                   |  1- 3 |  4- 6 |  7- 9 || total
-------------------------+-------+-------+-------++-------
Melee: Hand axe          |    66 |    96 |   141 ||   303
       Headbutt          |    10 |    12 |    30 ||    52
Invok: Trog's Hand       |     1 |       |       ||     1
       Berserk           |       |     5 |     3 ||     8
 Stab: Distracted        |       |     1 |       ||     1
       Sleeping          |       |     2 |     1 ||     3
  Eat: Chunk             |     1 |     9 |     7 ||    17
       Royal jelly       |       |     1 |       ||     1
       Fruit             |       |     1 |       ||     1
Armor: Animal skin       |    10 |    13 |     8 ||    31
Dodge: Dodged            |    44 |    38 |    49 ||   131
Block: Buckler           |       |     5 |    14 ||    19
